 Dungeon Crawl Stone Soup version 0.29-a0-284-gf9362112df (webtiles) character file.

Game seed: 8449253427915583407

25 Zonian the Chiller (level 2, 0/19 HPs)
             Began as a Demonspawn Ice Elementalist on Mar 27, 2022.
             Succumbed to an adder's poison
             ... on level 1 of the Dungeon.
             The game lasted 00:01:53 (1662 turns).

Zonian the Chiller (Demonspawn Ice Elementalist)    Turns: 1662, Time: 00:01:53

Health: 0/19       AC:  2    Str:  6 (8)  XL:     2   Next: 82%
Magic:  3/5        EV: 12    Int: 14 (16) God:
Gold:   25         SH:  0    Dex: 11 (13) Spells: 4/5 levels left

rFire   . . .      SeeInvis .   d - +0 short sword
rCold   . . .      Faith    .   (no shield)
rNeg    . . .      Spirit   .   a - +0 robe
rPois   .          Reflect  .   (no helmet)
rElec   .          Harm     .   (no cloak)
rCorr   .          Rampage  .   (no gloves)
Will    .....                   (no boots)
Stlth   ++........              (no amulet)
HPRegen 0.06/turn               (no ring)
MPRegen 0.09/turn               (no ring)

@: lethally poisoned (0 -> -4)
A: hooves 1
a: no special abilities


You were on level 1 of the Dungeon.
You visited 1 branch of the dungeon, and saw 2 of its levels.

You collected 25 gold pieces.

Inventory:

Hand Weapons
 d - a +0 short sword (weapon)
 e - a +0 short sword of electrocution
Missiles
 f - 2 throwing nets
Armour
 a - a +0 robe (worn)
Scrolls
 g - a scroll of enchant armour {unknown}
Potions
 b - a potion of magic
 c - 2 potions of degeneration
 h - a potion of ambrosia {unknown}
 i - a potion of mutation {unknown}


   Skills:
 + Level 2.1 Dodging
 - Level 2.2 Stealth
 + Level 2.3 Spellcasting
 + Level 3.8 Ice Magic


You had 4 spell levels left.
You knew the following spells:

 Your Spells              Type           Power      Damage    Failure   Level
a - Freeze                Ice            48%        1d7       4%          1

Your spell library contained the following spells:

 Spells                   Type           Power      Damage    Failure   Level
 Frozen Ramparts          Ice            24%        1d4       14%         3
 Ozocubu's Armour         Ice            12%        N/A       14%         3
 Hailstorm                Conj/Ice       7%         3d4       71%         4


Dungeon Overview and Level Annotations

Branches:
Dungeon (2/15)

Altars:

Shops:
D:1 *


Innate Abilities, Weirdness & Mutations

You have large cloven feet.


Message History

The adder hisses angrily.
Your kick misses the adder.
You hear a bark!
The adder completely misses you.
You barely miss the adder. Your kick misses the adder. The adder bites you.
You are poisoned.
The adder poisons you! The adder closely misses you.
Unknown command.
You can't go down here!
Unknown command.
You feel sick. The adder bites you.
You are more poisoned.
The adder poisons you! The adder completely misses you.
You climb upwards.
You feel very sick.
There is a stone staircase leading down here.
Unknown command.
Casting: Freeze (safe; 4% risk of failure)
Confirm with . or Enter, or press ? or * to list all spells.
Aiming: Freeze (safe; 4% risk of failure)
Press: ? - help, Shift-Dir - straight line, f - adder
Aim: an adder You freeze the adder.
The adder is moderately wounded.
You feel sick. The adder bites you.
* * * LOW HITPOINT WARNING * * *
Casting: Freeze (safe; 4% risk of failure)
Confirm with . or Enter, or press ? or * to list all spells.
Aiming: Freeze (safe; 4% risk of failure)
Press: ? - help, Shift-Dir - straight line, f/p - adder
Aim: an adder (moderately wounded)
You freeze the adder.
The adder is severely wounded.
The adder seems to slow down.
* * * LOW HITPOINT WARNING * * *
You feel sick. The adder bites you but does no damage.
It was a potion of degeneration.
There was something very wrong with that liquid.
You feel weakened.
You feel dopey.
You feel clumsy.
You die...

##### #..@#
######..S################
#########........................
..>.....#.#.##......#############
#######.#.#.#..#..#.#
#####.......#.....#
###...........#...#.#
......##......####..# #####
.....####...........#########....


You could see an adder (slow).

Vanquished Creatures
  2 dart slugs (D:1)
  3 bats (D:1)
  An endoplasm (D:1)
  A giant cockroach (D:1)
  A jackal (D:1)
  6 kobolds (D:1)
  A quokka (D:1)
  3 ball pythons (D:1)
  2 goblins (D:1)
  A rat (D:1)
21 creatures vanquished.

Notes
Turn   | Place    | Note
-------+----------+-------------------------------------------
     0 | D:1      | Zonian the Demonspawn Ice Elementalist began the quest for
                  | the Orb.
     0 | D:1      | Reached XP level 1. HP: 13/13 MP: 3/3
   406 | D:1      | Found Coynoe's Assorted Antiques.
   419 | D:1      | Gained mutation: You have large cloven feet. [demonic
                  | ancestry]
   419 | D:1      | Reached XP level 2. HP: 9/19 MP: 1/5
  1662 | D:1      | Succumbed to an adder's poison

Illustrated notes

Levels and vault maps discovered:
D:1:      erik_arrival_blinker_ship, layout_rooms, serial_shops,
          nicolae_shop_overgrown_old_shop, dreamdust_princess_corridor
D:2:      layout_loops_ring

Skill      XL: |  1 |
---------------+----+-----
Dodging        | 2 |  2.1
Stealth        | 2 |  2.2
Spellcasting   | |  2.3
Ice Magic      | |  3.8

Action                   || total
-------------------------++-------
Melee: Unarmed           ||     6
       Short sword       ||    20
       Kick              ||     3
 Cast: Freeze            ||    23
  Use: Potion            ||     1
Armor: Robe              ||    17
Dodge: Dodged            ||    27

Table legend: (Time is in decaauts)
 A = Elapsed time spent in this place.
 B = Non-inter-level travel time spent in this place.
 C = Inter-level travel time spent in this place.
 D = Time resting spent in this place.
 E = Time spent auto-exploring this place.
 F = Levels seen in this place.
 G = Mean time per level.
                   A        B        C        D        E       F      G
               +--------+--------+--------+--------+--------+-----+--------+
         Total |   1664 |   1636 |     28 |    809 |    635 |   2 |  832.0 |
       Dungeon |   1664 |   1636 |     28 |    809 |    635 |   2 |  832.0 |
               +--------+--------+--------+--------+--------+-----+--------+

Top non-repeatable levels by time:
     D:1: 1655 daAuts
     D:2: 9 daAuts
